AoeStats
← CYJ8564

African Clearing

510670483Analyzed
4v4 RM · 1d ago on Oct 2, 2026· 34m 31s· 8 players
Game mode
Random Map
Map size
Large (8 player)
Population
200
Speed
Normal
Resources
Standard
Victory
Conquest
Starting age
Dark Age
Ending age
Imperial Age
RankedLock teamsTeams togetherTeam positionsShared explorationLock speedFull tech treeHidden civsTurbo modeCheats
Victory
Defeat
🇺🇸 Vietnamese · United States
1442
+9
🇺🇸 Sicilians · United States
1252
+16
🇺🇸 Mongols · United States
1246
+16
🇺🇸 Byzantines · United States
1213
+19
🇨🇳 Bulgarians · China
1465
-22
🇨🇳 Saxons · China
1415
-20
🇦🇷 Vietnamese · Argentina
1277
-15
🇨🇳 Varangians · China
859
-3
流口水
12:06 Feudal Age
20:12 Castle Age
19:08 Loom
24:27 Fletching
29:26 Bodkin Arrow
29:32 Padded Archer Armor
30:58 Husbandry
34:08 Bloodlines
CYJ8564
5:53 Loom
15:30 Feudal Age
19:22 Castle Age
17:27 Double-Bit Axe
26:14 Scale Barding Armor
27:48 Bow Saw
29:53 Chain Barding Armor
29:44 Forging
31:05 Wheelbarrow
33:50 Iron Casting
慎独
5:02 Loom
13:08 Feudal Age
13:41 Arson
13:48 Double-Bit Axe
15:22 Forging
16:19 Town Watch
16:43 Scale Mail Armor
17:32 Wheelbarrow
24:44 Castle Age
26:17 Bow Saw
28:52 Horse Collar
32:42 Heavy Plow
执者如旗
7:20 Loom
13:15 Feudal Age
14:57 Double-Bit Axe
17:14 Castle Age
15:58 Forging
15:49 Scale Mail Armor
23:31 Chain Mail Armor
23:54 Gambesons
24:12 Squires
29:22 Wheelbarrow
31:54 Iron Casting
34:12 Horse Collar
34:49 Bow Saw
IdleCylinder564
3:26 Loom
4:19 Loom
13:33 Feudal Age
14:55 Double-Bit Axe
15:53 Wheelbarrow
20:18 Castle Age
18:18 Horse Collar
20:05 Forging
20:40 Scale Barding Armor
21:30 Bow Saw
21:26 Heavy Plow
PrEyOnU1
10:22 Loom
14:05 Feudal Age
18:29 Castle Age
17:01 Fletching
29:35 Horse Collar
34:05 Bodkin Arrow
35:40 Wheelbarrow
SnakyPringle
4:05 Loom
14:18 Feudal Age
18:54 Castle Age
17:49 Double-Bit Axe
22:39 Bow Saw
23:00 Horse Collar
26:34 Forging
28:18 Pikeman
32:27 Scale Mail Armor
33:01 Fletching
33:28 Chain Mail Armor
35:06 Wheelbarrow
34:40 Arson
34:57 Squires
TamerCaribou922
3:50 Loom
11:28 Feudal Age
16:01 Double-Bit Axe
23:13 Castle Age
21:36 Gold Mining
21:38 Fletching
23:51 Bodkin Arrow
25:48 Ballistics
26:15 Husbandry
26:25 Bloodlines
27:37 Horse Collar
34:21 Wheelbarrow
33:48 Heavy Plow
Connection lost

Rejoining the realm…

Still unreachable

The connection could not be restored.

Session expired

The server has moved on; the page needs a fresh start.